 Dungeon Crawl Stone Soup version 0.31-a0-1447-g87ca8d402b (console) character file.

Game seed: 8140367272829574333

33846 jejorda2 the Cruncher (level 13, -31/159 HPs)
             Began as a Gnoll Berserker on Dec 27, 2023.
             Was a High Priest of Trog.
             Annihilated by Rupert
             ... wielding a +0 great mace of holy wrath
              (39 damage)
             ... on level 4 of the Lair of Beasts.
             The game lasted 00:34:07 (14566 turns).

jejorda2 the Cruncher (Gnoll Berserker)            Turns: 14566, Time: 00:34:08

Health: -31/159    AC: 26    Str: 21    XL:     13   Next: 73%
Magic:  13/25      EV: 15    Int:  7    God:    Trog [*****.]
Gold:   416        SH:  0    Dex: 12    Spells: 29/29 levels left

rFire   . . .        b - +8 trident {venom, rElec rPois}
rCold   . . .        (no shield)
rNeg    . . .        r - +0 plate armour
rPois   +            M - +2 hat {Will+}
rElec   +            q - +2 cloak
rCorr   .            A - +2 pair of gloves {infuse}
SInv    .            G - +2 pair of boots
Will    +++..        V - amulet of faith Stlth
                     N - ring of poison resistance
HPRegen 1.46/turn    u - +5 ring of evasion
MPRegen 0.19/turn

%: faith, infuse magic (1 MP)
@: berserking (expiring), strong-willed, regenerating, slowed, studying Staves
A: fangs 1, strong nose, distributed training
a: Renounce Religion, Berserk, Trog's Hand, Brothers in Arms


You were on level 4 of the Lair of Beasts.
You worshipped Trog.
Trog was extremely pleased with you.
You visited 2 branches of the dungeon, and saw 17 of its levels.
You visited 1 bazaar.
You also visited: Bailey.

You collected 857 gold pieces.
You spent 441 gold pieces at shops.

Inventory:

Hand Weapons
 a - a +3 battleaxe of flaming
 b - the +8 trident of the Octopus King (weapon) {venom, rElec rPois}
   (You found it on level 2 of the Dungeon)

   rElec:     It insulates you from electricity.
   rPois:     It protects you from poison
 P - a +0 battleaxe
Missiles
 f - a throwing net
 m - 21 poisoned darts
 p - 2 javelins
 x - 2 curare-tipped darts
 D - 2 darts of dispersal
Armour
 q - a +2 cloak (worn)
 r - a +0 plate armour (worn)
 y - a +3 leather armour of fire resistance
 A - a +2 pair of gloves of infusion (worn)
 G - a +2 pair of boots (worn)
 M - a +2 hat of willpower (worn)
Jewellery
 u - a +5 ring of evasion (right hand)
 B - a ring of willpower
 N - a ring of poison resistance (left hand)
 S - a ring of positive energy
 V - an amulet of faith (around neck)
Wands
 d - a wand of iceblast (5)
 C - a wand of mindburst (17)
 E - a wand of paralysis (13)
 L - a wand of flame (20)
Scrolls
 c - a scroll of identify
 g - 4 scrolls of noise
 l - 3 scrolls of blinking
 s - 2 scrolls of butterflies
 t - a scroll of silence
 F - 6 scrolls of teleportation
 K - a scroll of enchant weapon
 Q - 2 scrolls of fear
 T - a scroll of poison
 U - a scroll of vulnerability
Potions
 e - 3 potions of resistance
 h - 2 potions of enlightenment
 j - 3 potions of heal wounds
 k - 6 potions of mutation
 n - 12 potions of curing
 o - a potion of cancellation {unknown}
 w - 3 potions of lignification
 z - 2 potions of berserk rage
 H - 3 potions of haste
 I - 4 potions of might
 R - a potion of attraction {unknown}
Miscellaneous
 J - a lightning rod (4/4)


   Skills:
 + Level 11.0 Fighting
 + Level 8.9 Short Blades
 + Level 8.9 Long Blades
 + Level 11.0 Axes
 + Level 8.9 Maces & Flails
 + Level 8.9 Polearms
 + Level 11.3 Staves
 + Level 8.9 Ranged Weapons
 + Level 8.9 Throwing
 + Level 10.0 Armour
 + Level 10.0 Dodging
 + Level 8.9 Stealth
 + Level 8.9 Shields
 + Level 8.9 Unarmed Combat
 + Level 8.9 Spellcasting
 + Level 7.4 Conjurations
 + Level 7.4 Hexes
 + Level 7.4 Summonings
 + Level 7.4 Necromancy
 + Level 7.4 Translocations
 + Level 7.4 Fire Magic
 + Level 7.4 Ice Magic
 + Level 7.4 Air Magic
 + Level 7.4 Earth Magic
 + Level 7.4 Alchemy
 + Level 9.7 Invocations
 + Level 8.9 Evocations
 + Level 8.1 Shapeshifting


You had 29 spell levels left.
You didn't know any spells.
Your spell library was empty.

Dungeon Overview and Level Annotations

Branches:
Dungeon (13/15)            Temple (0/1) D:7            Lair (4/5) D:8
  Swamp (0/4) Lair:3        Snake (0/4) Lair:2          Orc (0/2) D:12
 Bailey (visited)
  Slime: Lair:4-5    Vaults: D:13-14

Altars:
Kikubaaqudgha
Trog

Shops:
D:1 [

Portals:
Trove: D:12 (give 14 scrolls of teleportation)

Annotations:
Lair:1 2 transporters
Lair:4 Rupert


Innate Abilities, Weirdness & Mutations

You have very sharp teeth.
Your uncanny sense of smell can sniff out nearby items.
Your experience applies equally to all skills.


Message History

A yak comes into view.
The yak bellows!
You puncture Rupert!
Rupert is heavily wounded.
Rupert hits you with a +0 great mace of holy wrath!
Rupert hits you with a +0 great mace of holy wrath!!
You closely miss Rupert.
Rupert is heavily wounded.
Rupert closely misses you.
You puncture Rupert!
Rupert looks as sick as possible!
You bite Rupert.
Rupert is heavily wounded.
Rupert barely misses you.
You puncture Rupert! You punch Rupert.
Rupert is severely wounded.
Rupert hits you with a +0 great mace of holy wrath!
* * * LOW HITPOINT WARNING * * *
You puncture Rupert!
Rupert looks as sick as possible!
Rupert is severely wounded.
Rupert closely misses you.
Rupert hits you with a +0 great mace of holy wrath!!
* * * LOW HITPOINT WARNING * * *
You puncture Rupert!
Rupert looks as sick as possible!
Rupert is severely wounded.
Rupert misses you.
You puncture Rupert!
Rupert looks as sick as possible!
Rupert is almost dead.
Rupert hits you with a +0 great mace of holy wrath!
* * * LOW HITPOINT WARNING * * *
The skyshark rages.
You closely miss Rupert. You punch Rupert.
Rupert is almost dead.
Rupert hits you but does no damage. Rupert closely misses you.
You closely miss Rupert. You bite Rupert, but do no damage.
Rupert is almost dead.
Rupert hits you but does no damage.
You puncture Rupert!
Rupert looks as sick as possible!
Rupert is almost dead.
Rupert hits you with a +0 great mace of holy wrath!!!
You die...
Rupert roars with triumph. ....... ..... ∆.... .YY .YY

#w# ### #F#
##.#####@#
###.#..#.@.#
##......#...#
#.........[##
#<.........#
#####.#...##
#######


You could see Rupert (berserk, extremely poisoned), a skyshark (berserk,
poisoned), a torpor snail and 4 yaks.

Vanquished Creatures
  Gastronok (Lair:2)
  2 hydras (Lair:2)
  2 vault guards (Bailey)
  2 centaur warriors
  2 two-headed ogres (D:11)
  A boulder beetle (D:11)
  3 death yaks (Lair:2)
  Sonja (Lair:2)
  Nergalle (Lair:1)
  A skyshark (Lair:3)
  An arcanist (D:11)
  2 manticores (D:12)
  A cyclops (D:11)
  A salamander (Lair:2)
  5 cane toads
  2 black mambas
  A gargoyle (D:12)
  A rime drake (Lair:2)
  3 komodo dragons
  An unseen horror (D:12)
  4 trolls
  Grinder (D:6)
  A polar bear (Lair:3)
  7 blink frogs
  Prince Ribbit (Bailey)
  4 wyverns
  Sigmund (D:6)
  A wraith (D:11)
  A shadow (D:12)
  3 humans (Bailey)
  24 yaks
  2 basilisks (Lair:3)
  10 vampire mosquitoes
  A swamp worm (Lair:3)
  Duvessa (D:5)
  6 water moccasins
  4 black bears
  5 orc warriors
  An ice beast (D:8)
  A sky beast (D:8)
  13 wolves
  An ogre (D:7)
  2 centaurs
  2 phantoms (D:5)
  2 kobold brigands
  17 bullfrogs
  4 gnoll sergeants
  3 scorpions
  8 wights
  Dowan (D:5)
  12 killer bees
  6 electric eels
  3 howler monkeys
  3 lava snakes (Lair:2)
  4 bombardier beetles
  8 orc priests
  Crazy Yiuf (D:6)
  5 hounds
  2 jellies
  Jessica (D:2)
  A sleepcap (D:8)
  2 iguanas
  8 orc wizards
  6 hell rats (Lair:2)
  15 gnolls
  9 adders
  3 white imps
  2 ufetubi (D:6)
  A worm (D:3)
  4 dart slugs
  47 orcs
  4 endoplasms
  2 giant cockroaches
  12 goblins
  5 hobgoblins
  13 kobolds
  2 quokkas
  4 ball pythons
  5 bats
  A frilled lizard (D:2)
  5 rats
362 creatures vanquished.

Vanquished Creatures (collateral kills)
  A death yak (Lair:2)
  A cyclops (D:11)
  Maggie (Lair:2)
  3 yaks (D:11)
  A gnoll (D:11)
7 creatures vanquished.

Grand Total: 369 creatures vanquished

Notes
Turn   | Place    | Note
-------+----------+-------------------------------------------
     0 | D:1      | jejorda2 the Gnoll Berserker began the quest for the Orb.
     0 | D:1      | Reached XP level 1. HP: 23/23 MP: 1/1
    85 | D:1      | Reached XP level 2. HP: 29/29 MP: 2/2
   318 | D:1      | Found Lurilywygg's Antique Armour Emporium.
   784 | D:2      | Noticed Jessica
   788 | D:2      | Killed Jessica
   789 | D:2      | Reached skill level 1 in Invocations
   789 | D:2      | Reached XP level 3. HP: 22/35 MP: 2/4
   795 | D:2      | Reached skill level 1 in Short Blades
   795 | D:2      | Reached skill level 1 in Long Blades
   795 | D:2      | Reached skill level 1 in Maces & Flails
   795 | D:2      | Reached skill level 1 in Polearms
   795 | D:2      | Reached skill level 1 in Staves
   795 | D:2      | Reached skill level 1 in Ranged Weapons
   795 | D:2      | Reached skill level 1 in Throwing
   795 | D:2      | Reached skill level 1 in Stealth
   795 | D:2      | Reached skill level 1 in Shields
   795 | D:2      | Reached skill level 1 in Unarmed Combat
   795 | D:2      | Reached skill level 1 in Spellcasting
   795 | D:2      | Reached skill level 1 in Evocations
  1012 | D:2      | Reached skill level 1 in Shapeshifting
  1012 | D:2      | Reached XP level 4. HP: 17/41 MP: 5/5
  1249 | D:2      | Reached skill level 1 in Conjurations
  1249 | D:2      | Reached skill level 1 in Hexes
  1249 | D:2      | Reached skill level 1 in Summonings
  1249 | D:2      | Reached skill level 1 in Necromancy
  1249 | D:2      | Reached skill level 1 in Translocations
  1249 | D:2      | Reached skill level 1 in Fire Magic
  1249 | D:2      | Reached skill level 1 in Ice Magic
  1249 | D:2      | Reached skill level 1 in Air Magic
  1249 | D:2      | Reached skill level 1 in Earth Magic
  1249 | D:2      | Reached skill level 1 in Alchemy
  1273 | D:2      | Found the +8 trident of the Octopus King {venom, rElec
                  | rPois}
  1635 | D:3      | Reached ** piety under Trog
  1799 | D:3      | Reached XP level 5. HP: 30/47 MP: 5/7
  2363 | D:3      | Found a faded altar of an unknown god.
  2471 | D:4      | Reached XP level 6. HP: 39/53 MP: 8/8
  2620 | D:4      | Reached skill level 5 in Armour
  2620 | D:4      | Reached skill level 5 in Dodging
  3064 | D:5      | Entered Level 5 of the Dungeon
  3159 | D:5      | Noticed a black bear
  3166 | D:5      | Killed a black bear
  3260 | D:5      | Reached XP level 7. HP: 31/60 MP: 10/10
  3431 | D:5      | Noticed Dowan
  3433 | D:5      | Noticed Duvessa
  3444 | D:5      | Killed Duvessa
  3447 | D:5      | Killed Dowan
  3813 | D:1      | Bought a pair of glowing gloves for 217 gold pieces
  3948 | D:5      | Reached XP level 8. HP: 64/67 MP: 8/12
  4260 | D:5      | Reached *** piety under Trog
  4424 | D:6      | Noticed Grinder
  4437 | D:6      | Killed Grinder
  4607 | D:6      | Noticed Sigmund
  4612 | D:6      | Killed Sigmund
  4783 | D:6      | Found a runed translucent door.
  4784 | D:6      | Noticed Crazy Yiuf
  4790 | D:6      | Killed Crazy Yiuf
  5261 | D:7      | Reached XP level 9. HP: 73/73 MP: 9/14
  5986 | D:7      | Found a staircase to the Ecumenical Temple.
  6433 | D:8      | Reached **** piety under Trog
  6477 | D:8      | Reached skill level 5 in Invocations
  6702 | D:8      | Found a staircase to the Lair.
  6899 | D:8      | Found a bloodstained altar of Trog.
  6899 | D:8      | Found an ancient bone altar of Kikubaaqudgha.
  6937 | D:8      | Noticed a centaur warrior
  6946 | D:8      | Killed a centaur warrior
  6947 | D:8      | Reached skill level 5 in Short Blades
  6947 | D:8      | Reached skill level 5 in Long Blades
  6947 | D:8      | Reached skill level 5 in Maces & Flails
  6947 | D:8      | Reached skill level 5 in Polearms
  6947 | D:8      | Reached skill level 5 in Staves
  6947 | D:8      | Reached skill level 5 in Ranged Weapons
  6947 | D:8      | Reached skill level 5 in Throwing
  6947 | D:8      | Reached skill level 5 in Stealth
  6947 | D:8      | Reached skill level 5 in Shields
  6947 | D:8      | Reached skill level 5 in Unarmed Combat
  6947 | D:8      | Reached skill level 5 in Spellcasting
  6947 | D:8      | Reached skill level 5 in Evocations
  6947 | D:8      | Reached XP level 10. HP: 74/82 MP: 11/17
  7165 | D:9      | Found a flagged portal.
  7171 | Bailey   | Entered a bailey
  7292 | Bailey   | Reached ***** piety under Trog
  7304 | Bailey   | Reached skill level 5 in Shapeshifting
  7489 | Bailey   | Noticed a vault guard
  7489 | Bailey   | Noticed Prince Ribbit
  7497 | Bailey   | Killed Prince Ribbit
  7507 | Bailey   | Killed a vault guard
  7550 | Bailey   | Noticed a vault guard
  7559 | Bailey   | Killed a vault guard
  7754 | D:9      | Reached skill level 5 in Conjurations
  7754 | D:9      | Reached skill level 5 in Hexes
  7754 | D:9      | Reached skill level 5 in Summonings
  7754 | D:9      | Reached skill level 5 in Necromancy
  7754 | D:9      | Reached skill level 5 in Translocations
  7754 | D:9      | Reached skill level 5 in Fire Magic
  7754 | D:9      | Reached skill level 5 in Ice Magic
  7754 | D:9      | Reached skill level 5 in Air Magic
  7754 | D:9      | Reached skill level 5 in Earth Magic
  7754 | D:9      | Reached skill level 5 in Alchemy
  7764 | D:9      | Reached XP level 11. HP: 69/85 MP: 12/20
  8352 | D:10     | Entered Level 10 of the Dungeon
  8661 | D:10     | Received a gift from Trog
  9357 | D:11     | Noticed a cyclops
  9370 | D:11     | Killed a cyclops
  9382 | D:11     | Noticed a boulder beetle
  9382 | D:11     | Noticed an arcanist
  9384 | D:11     | Noticed a cyclops
  9391 | D:11     | Killed a cyclops
  9406 | D:11     | Killed an arcanist
  9410 | D:11     | Killed a boulder beetle
  9611 | D:11     | Found a flickering gateway to a bazaar.
  9629 | Bazaar   | Entered a bazaar
  9637 | Bazaar   | Found Isobbuef's Antique Armour Shop.
  9650 | Bazaar   | Found Voifyshu's Book Shop.
  9683 | Bazaar   | Bought a glowing hat for 224 gold pieces
  9728 | D:11     | Noticed a two-headed ogre
  9729 | D:11     | Noticed a two-headed ogre
  9737 | D:11     | Killed a two-headed ogre
  9740 | D:11     | Killed a two-headed ogre
  9741 | D:11     | Reached XP level 12. HP: 76/97 MP: 13/22
 10246 | D:12     | Found a portal to a secret trove of treasure.
 10285 | D:12     | Noticed a centaur warrior
 10295 | D:12     | Killed a centaur warrior
 10365 | D:12     | Reached skill level 10 in Fighting
 10365 | D:12     | Reached skill level 10 in Axes
 10389 | D:12     | Found a staircase to the Orcish Mines.
 11081 | Lair:1   | Entered Level 1 of the Lair of Beasts
 11102 | Lair:1   | Noticed Nergalle
 11111 | Lair:1   | Killed Nergalle
 11414 | Lair:1   | Found a transporter.
 11466 | Lair:1   | Found a transporter.
 11602 | Lair:1   | Identified the +1 sling of Dividends {heavy, rPois rF+
                  | Str+5 Dex-3}
 11789 | Lair:2   | Reached skill level 10 in Staves
 11865 | Lair:2   | Noticed Gastronok
 11893 | Lair:2   | Killed Gastronok
 12094 | Lair:2   | Found a staircase to the Snake Pit.
 12108 | Lair:2   | Reached XP level 13. HP: 87/104 MP: 18/25
 12484 | Lair:2   | Received a gift from Trog
 12581 | Lair:2   | Noticed Sonja
 12587 | Lair:2   | Killed Sonja
 12738 | Lair:2   | Noticed Maggie
 12759 | Lair:2   | Killed Maggie
 13966 | Lair:3   | Reached skill level 10 in Armour
 13966 | Lair:3   | Reached skill level 10 in Dodging
 14085 | Lair:3   | Found a staircase to the Swamp.
 14543 | Lair:4   | Noticed Rupert
 14563 | Lair:4   | HP: 4/159 [Rupert/+0 great mace of holy wrath (7)]
 14566 | Lair:4   | Annihilated by Rupert

Illustrated notes

Levels and vault maps discovered:
D:1:      roadster_arrival_rocket_small, layout_basic, serial_shops,
          nicolae_shop_tiny_real_fake_doors, minmay_tetromino_i2
D:2:      layout_rooms, kennysheep_doodads, minmay_misc_feat_five, minivault_27,
          minmay_stone_trees_small, uniq_jessica
D:3:      layout_basic, shapermc_ecumenical_altar_petra
D:4:      layout_rooms
D:5:      layout_cave_pods, uniq_duvessa
D:6:      layout_layer_cave, minmay_holes, uniq_sigmund, uniq_grinder,
          uniq_crazy_yiuf_cottage
D:7:      layout_gridville, minmay_temple_entry_junction, dk_vineyard_2
D:8:      layout_rooms, nicolae_overflow_hidden_temple,
          gammafunk_temple_overflow_elements, lair_entry_dummy,
          serial_bayou_pond_b, small_chamber_with_monster
D:9:      layout_long_grid, enter_bailey_3
D:10:     layout_basic, minivault_14
D:11:     layout_basic, serial_shops, bzr_entry_gold, minmay_fractal_squares_5
D:12:     layout_loops_ring, david_orc_3, nicolae_trove_entry_crossroad
D:13:     layout_roguey, lightli_vaults_fourway_checkpoint, minmay_checkerbox
Lair:1:   gammafunk_cloud_chamber, layout_misc_corridors, uniq_nergalle
Lair:2:   layout_chaotic_city, nicolae_snake_entry_warm_welcome,
          grunt_megastairs_5, serial_bayou_shore_a, uniq_gastronok, uniq_maggie,
          uniq_sonja
Lair:3:   layout_small_grid, minmay_swamp_entry_worms, serial_bayou_pond_b
Lair:4:   layout_cave_pods, minmay_slime_entry_pillars,
          nicolae_volcano_entry_s_turn, serial_bayou_lake_a, uniq_snorg,
          uniq_rupert

Skill      XL: |  1  2  3  4  5  6  7  8  9 10 11 12 13 |
---------------+----------------------------------------+-----
Invocations    | 1 2 3 4 5 6 7 8 9 |  9.7
Short Blades   | 1 2 3 5 6 7 8 |  8.9
Long Blades    | 1 2 3 5 6 7 8 |  8.9
Maces & Flails | 1 2 3 5 6 7 8 |  8.9
Polearms       | 1 2 3 5 6 7 8 |  8.9
Staves         | 1 2 3 5 6 8 10 11 | 11.3
Ranged Weapons | 1 2 3 5 6 7 8 |  8.9
Throwing       | 1 2 3 5 6 7 8 |  8.9
Stealth        | 1 2 3 5 6 7 8 |  8.9
Shields        | 1 2 3 5 6 7 8 |  8.9
Unarmed Combat | 1 2 3 5 6 7 8 |  8.9
Spellcasting   | 1 2 3 5 6 7 8 |  8.9
Evocations     | 1 2 3 5 6 7 8 |  8.9
Shapeshifting  | 1 2 3 4 5 6 7 8 |  8.1
Conjurations   | 1 2 3 4 5 6 7 |  7.4
Hexes          | 1 2 3 4 5 6 7 |  7.4
Summonings     | 1 2 3 4 5 6 7 |  7.4
Necromancy     | 1 2 3 4 5 6 7 |  7.4
Translocations | 1 2 3 4 5 6 7 |  7.4
Fire Magic     | 1 2 3 4 5 6 7 |  7.4
Ice Magic      | 1 2 3 4 5 6 7 |  7.4
Air Magic      | 1 2 3 4 5 6 7 |  7.4
Earth Magic    | 1 2 3 4 5 6 7 |  7.4
Alchemy        | 1 2 3 4 5 6 7 |  7.4
Armour         | 5 6 7 8 9 10 | 10.0
Dodging        | 5 6 7 8 9 10 | 10.0
Fighting       | 7 8 9 10 11 | 11.0
Axes           | 7 8 9 10 11 | 11.0

Action                     |  1- 3 |  4- 6 |  7- 9 | 10-12 | 13-15 || total
---------------------------+-------+-------+-------+-------+-------++-------
  Melee: Hand axe          |    87 |    12 |       |       |       ||    99
         Bite              |    11 |     8 |    13 |    45 |    27 ||   104
         Punch             |     1 |     1 |     4 |    10 |     7 ||    23
         Trident           |       |    84 |   191 |   272 |   108 ||   655
         Battleaxe         |       |       |       |   209 |   115 ||   324
         Broad axe         |       |       |       |    12 |       ||    12
  Throw: Dart              |       |       |       |     3 |       ||     3
 Invoke: Berserk           |       |     4 |     3 |     7 |     4 ||    18
         Trog's Hand       |       |     1 |     2 |     1 |     3 ||     7
         Brothers in Arms  |       |       |       |     1 |     2 ||     3
    Use: Potion            |     2 |       |       |       |       ||     2
         Scroll            |       |       |    16 |     7 |     1 ||    24
   Stab: Sleeping          |       |     1 |       |       |       ||     1
 Armour: Animal skin       |    45 |     7 |       |       |       ||    52
         Skin              |     1 |       |       |       |       ||     1
         Plate armour      |       |    52 |   121 |   399 |   190 ||   762
  Dodge: Dodged            |    51 |    30 |    68 |   427 |   183 ||   759

Table legend: (Time is in decaauts)
 A = Elapsed time spent in this place.
 B = Non-inter-level travel time spent in this place.
 C = Inter-level travel time spent in this place.
 D = Time resting spent in this place.
 E = Time spent auto-exploring this place.
 F = Levels seen in this place.
 G = Mean time per level.
                   A        B        C        D        E       F      G
               +--------+--------+--------+--------+--------+-----+--------+
         Total |  14816 |  14096 |    720 |   1060 |  10353 |  19 |  779.8 |
       Dungeon |  10725 |  10047 |    678 |    584 |   7650 |  13 |  825.0 |
          Lair |   3562 |   3520 |     42 |    340 |   2540 |   4 |  890.5 |
        Bazaar |     71 |     71 |      0 |      0 |     39 |   1 |   71.0 |
        Bailey |    457 |    457 |      0 |    135 |    123 |   1 |  457.0 |
               +--------+--------+--------+--------+--------+-----+--------+

Top non-repeatable levels by time:
  Lair:2: 1629 daAuts
     D:5: 1226 daAuts
  Lair:3: 1178 daAuts
     D:7: 1108 daAuts
    D:10: 996 daAuts
     D:9: 939 daAuts
    D:12: 938 daAuts
     D:2: 882 daAuts
     D:8: 858 daAuts
     D:3: 844 daAuts
     D:1: 794 daAuts
     D:6: 765 daAuts
  Lair:1: 718 daAuts
     D:4: 703 daAuts
    D:11: 665 daAuts
